 Dungeon Crawl Stone Soup version 0.30-a0-953-g5f1da4a474 (webtiles) character file.

Game seed: 3974137773558734472

711 kae the Changer (level 7, 0/57 HPs)
             Began as a Naga Transmuter on Mar 28, 2023.
             Slain by an ice beast (9 damage)
             ... on level 7 of the Dungeon.
             The game lasted 00:04:15 (3497 turns).

kae the Changer (Naga Transmuter)                   Turns: 3497, Time: 00:04:16

Health: 0/57       AC:  2    Str: 12    XL:     7   Next: 68%
Magic:  7/12       EV: 18    Int: 16    God:
Gold:   90         SH:  0    Dex: 16    Spells: 3/13 levels left

rFire   . . .      SeeInvis +      - Unarmed
rCold   . . .      Faith    .    (shield currently unavailable)
rNeg    . . .      Spirit   .    a - melded +0 robe
rPois   x          Reflect  .    (helmet currently unavailable)
rElec   .          Rampage  .    t - melded scarf {repulsion}
rCorr   .                        (gloves currently unavailable)
Will    .....                    (no barding)
Stlth   +                        (no amulet)
HPRegen 0.29/turn                (no ring)
MPRegen 0.13/turn                (no ring)

@: spider-form (expiring)
A: venomous fangs, AC +2, tiny, see invisible, (deformed body), (poison
resistance), (slowness 2), spit poison 1, (naga tail 1)
a: Spit Poison, End Transformation


You were on level 7 of the Dungeon.
You were a venomous arachnid creature.
You visited 2 branches of the dungeon, and saw 8 of its levels.

You collected 123 gold pieces.
You spent 33 gold pieces at shops.


Innate Abilities, Weirdness & Mutations

You are a venomous arachnid creature.
You have venomous fangs.
You are tiny and dextrous.
Your spellcasting is less reliable in this form.
Your armour is entirely melded.
You are incapable of wielding weapons or throwing items.
((Your serpentine skin is tough. (AC +2)))
You have supernaturally acute eyesight. (SInv)
((Armour fits poorly on your strangely shaped body.))
((Your system is resistant to poisons. (rPois)))
((You cover ground very slowly.))
You can spit poison.
((You have a snake-like lower body.))


   Skills:
 - Level 1.0 Fighting
 - Level 1.5 Dodging
 + Level 4.5 Unarmed Combat
 + Level 3.7 Spellcasting
 * Level 5.3 Transmutations
 * Level 2.9 Ice Magic
 - Level 3.0 Poison Magic


You had 3 spell levels left.
You knew the following spells:

 Your Spells              Type           Power      Damage    Failure   Level
a - Beastly Appendage     Tmut           40%        N/A       8%          1
b - Wereblood             Tmut           20%        N/A       11%         2
c - Spider Form           Tmut/Pois      16%        N/A       24%         3
d - Ice Form              Ice/Tmut       16%        N/A       52%         4

Your spell library contained the following spells:

 Spells                   Type           Power      Damage    Failure   Level


Inventory:

Missiles
 k - 38 stones
 o - 12 poisoned darts
Armour
 a - a +0 robe (melded)
 h - a +0 cloak
   (You found it on level 1 of the Dungeon)
 t - a scarf of repulsion (melded)
   (You found it on level 4 of the Dungeon)
Jewellery
 S - a +6 ring of strength
   (You found it on level 7 of the Dungeon)
Scrolls
 g - 3 scrolls of amnesia
 s - 2 scrolls of fog
Potions
 b - 3 potions of lignification {!q}
 c - 2 potions of magic {unknown}
 d - 2 potions of brilliance
 e - 4 potions of curing {@q1}
 f - a potion of degeneration {unknown}
 i - 2 potions of heal wounds {unknown}
 j - a potion of might
 l - a potion of invisibility
 m - a potion of mutation {unknown}
 n - 2 potions of cancellation
 p - a potion of resistance
 q - a potion of flight {unknown}
 r - a potion of berserk rage {unknown}

Dungeon Overview and Level Annotations

Branches:
Dungeon (7/15) Zot: 26910  Temple (1/1) D:4 Zot: 5913

Altars:
Ashenzari
Cheibriados
Dithmenos
Elyvilon
Fedhas
Gozag
Hepliaklqana
Kikubaaqudgha
Qazlal
Ru
Sif Muna
Trog
Vehumet
Wu Jian
Xom
Yredelemnul
Zin
The Shining One

Shops:
D:1 [ D:4

!
#...#....###.......
#...#....## ###...
###.........### ...
................
###.............
#...#..........
#......####....
#....Y....#....
##..s..#......
#.....#.....
........# ....
########.......
....##. ....# ....#
...#


You could see an ice beast (very poisoned).


Message History

The sky beast hits you. The sky beast shocks you.
Your magical contamination has completely faded away. 😕 HP[-7]
You take 7 damage, and now have 43/57 hp.
You bite the sky beast! The sky beast misses you.
You closely miss the sky beast.
The sky beast completely misses you. 😕 MP[+1]
You barely miss the sky beast. The sky beast misses you.
You hit the sky beast but do no damage.
The sky beast is poisoned.
You hiss as the wereblood boils in your veins!
The sky beast barely misses you. 😕 HP[+1] Unknown command.
You bite the sky beast! The sky beast closely misses you.
You hit the sky beast.
The sky beast looks as sick as possible!
Your transformation is almost over.
You feel a bit better.
You kill the sky beast!
Your Transmutations skill increases to level 5!
No target in view! 😕 HP[+2]
You regained 2 hp, and now have 46/57 hp.
Unknown command.
Found a stone staircase leading down. 😕 HP[+1]
You hiss as the wereblood boils in your veins! 😕 MP[+1] 😕 HP[+1]
Your transformation has ended.
Your scarf of repulsion unmelds from your body.
Your +0 robe unmelds from your body.
You are surrounded by a repulsion field. 😕 HP[+1] 😕 MP[+1]
Your primal bloodlust is almost over.
A sky beast comes into view. 😕 HP[+1]
Casting: Wereblood (safe; 3% risk of failure)
Confirm with . or Enter, or press ? or * to list all spells.
You turn into a venomous arachnid creature.
Your scarf of repulsion melds into your body.
Your +0 robe melds into your body.
The haze of the repulsion field disappears.
The sky beast flickers out of sight for a moment. 😕 HP[+1] MP[-3]
You lost 3 mp, and now have 4/12 mp.
You bite the sky beast!
Your primal bloodlust has ended.
The sky beast hits you. The sky beast shocks you. 😮 HP[-11]
You take 11 damage, and now have 40/57 hp.
You hit the sky beast.
The sky beast is poisoned. 😮 HP[+1] MP[+1] Unknown command.
You barely miss the sky beast. The sky beast hits you.
The sky beast shocks you. 😮 HP[-9]
You take 9 damage, and now have 32/57 hp.
Unknown command.
You hit the sky beast.
The sky beast looks even sicker.
The sky beast hits you. The sky beast shocks you.
* * * LOW HITPOINT WARNING * * *
😨 HP[-7]
You take 7 damage, and now have 25/57 hp.
You barely miss the sky beast. The sky beast hits you.
* * * LOW HITPOINT WARNING * * *
The sky beast shocks you.
* * * LOW HITPOINT WARNING * * *
Unknown command. 😨 HP[-10]
You take 10 damage, and now have 15/57 hp.
You hit the sky beast.
The sky beast looks as sick as possible!
You kill the sky beast! 😨 HP[+1] 😨 HP[+1] 😨 MP[+1] 😨 HP[+1]
S - a +6 ring of strength 😨 HP[+1]
Your transformation is almost over. 😨 MP[+1]
An ice beast comes into view. 😨 HP[+1]
The ice beast attacks as you move away! The ice beast hits you.
* * * LOW HITPOINT WARNING * * *
The ice beast freezes you!
* * * LOW HITPOINT WARNING * * *
😱 HP[-8]
You take 8 damage, and now have 12/57 hp.
The ice beast closely misses you.
You hit the ice beast but do no damage.
The ice beast closely misses you. 😱 HP[+1]
You hit the ice beast but do no damage.
The ice beast is poisoned.
The ice beast closely misses you.
You hit the ice beast. The ice beast hits you.
* * * LOW HITPOINT WARNING * * *
The ice beast freezes you!
You die...

Skill      XL: |  1  2  3  4  5  6  7 |
---------------+----------------------+-----
Transmutations | 3 4 5 |  5.3
Poison Magic   | 1 2 3 |  3.0
Unarmed Combat | 4 |  4.5
Spellcasting   | 3 |  3.7
Ice Magic      | 1 2 |  2.9
Fighting       | |  1.0
Dodging        | |  1.5

Action                     |  1- 3 |  4- 6 |  7- 9 || total
---------------------------+-------+-------+-------++-------
  Melee: Unarmed           |    93 |   100 |    29 ||   222
         Headbutt          |     9 |     3 |       ||    12
         Punch             |     2 |     1 |       ||     3
   Cast: Beastly Appendage |    19 |     9 |       ||    28
         Spider Form       |     3 |    10 |     5 ||    18
         Wereblood         |       |     2 |     2 ||     4
Ability: Spit Poison       |    19 |     7 |       ||    26
    Use: Scroll            |       |    14 |     2 ||    16
   Stab: Sleeping          |     1 |       |       ||     1
 Armour: Robe              |    22 |    16 |       ||    38
         Skin              |     3 |     2 |     2 ||     7
  Dodge: Dodged            |    68 |    60 |    14 ||   142

Levels and vault maps discovered:
D:1:      minmay_arrival_glassed_features, layout_rooms, serial_shops, shop,
          hellmonk_ecumenical_altar_crossroads
D:2:      layout_rooms
D:3:      layout_basic
D:4:      layout_loops_ring, nicolae_overflow_hidden_temple,
          minmay_temple_entry_mini_moons, serial_shops, nicolae_shop_trees
D:5:      layout_cave_pools, gup_sewer_entry_pipe, nicolae_wooded_promenade
D:6:      layout_basic, nicolae_ossuary_entry_ruins
D:7:      layout_basic, mainiacjoe_overflow_tiny_flanked, uniq_menkaure
Temple:   cyrus_circular_temple

Notes
Turn   | Place    | Note
-------+----------+-------------------------------------------
     0 | D:1      | kae the Naga Transmuter began the quest for the Orb.
     0 | D:1      | Reached XP level 1. HP: 18/18 MP: 3/3
     0 | D:1      | magus.rc [v1.11.3]
   144 | D:1      | Reached XP level 2. HP: 22/25 MP: 3/5
   252 | D:1      | You pick up a book of Changes and begin reading...
   285 | D:1      | HP: 6/25 [goblin/+0 club (4)]
   290 | D:1      | HP: 5/25 [frilled lizard (2)]
   438 | D:1      | Reached XP level 3. HP: 26/31 MP: 6/6
   441 | D:1      | Learned a level 2 spell: Wereblood
   445 | D:1      | Learned a level 3 spell: Spider Form
   467 | D:1      | Found Nisoni's Antique Armour Emporium.
   486 | D:1      | Found a faded altar of an unknown god.
   743 | D:2      | Reached skill level 3 in Transmutations
   743 | D:2      | Reached skill level 1 in Poison Magic
  1064 | D:2      | Reached XP level 4. HP: 38/38 MP: 5/7
  1568 | D:3      | Reached skill level 2 in Poison Magic
  1578 | D:3      | Reached XP level 5. HP: 33/44 MP: 3/9
  2097 | D:3      | Identified the +0 robe of a treasure trove {*Slow Dex+8
                  | Slay-5 SInv}
  2412 | D:4      | Noticed an ogre
  2414 | D:4      | Found a staircase to the Ecumenical Temple.
  2419 | D:4      | Reached skill level 3 in Poison Magic
  2426 | D:4      | Killed an ogre
  2427 | D:4      | Reached skill level 4 in Unarmed Combat
  2427 | D:4      | Reached skill level 3 in Spellcasting
  2427 | D:4      | Reached skill level 4 in Transmutations
  2427 | D:4      | Reached XP level 6. HP: 49/51 MP: 5/10
  2468 | D:4      | Learned a level 4 spell: Ice Form
  2476 | D:4      | Found a snail-covered altar of Cheibriados.
  2478 | D:4      | Found a broken altar of Ashenzari.
  2514 | Temple   | Entered the Ecumenical Temple
  2604 | D:4      | Found a shadowy altar of Dithmenos.
  2712 | D:4      | Reached skill level 1 in Ice Magic
  2873 | D:4      | Reached XP level 7. HP: 56/57 MP: 7/12
  3067 | D:4      | Found Bylamp's Distillery.
  3074 | D:4      | Bought a potion of curing for 33 gold pieces
  3195 | D:4      | Reached skill level 2 in Ice Magic
  3216 | D:4      | Found an opulent altar of Gozag.
  3226 | D:4      | Found a glowing silver altar of Zin.
  3406 | D:5      | Entered Level 5 of the Dungeon
  3406 | D:5      | You fall into a shaft and drop 2 floors!
  3458 | D:7      | Reached skill level 5 in Transmutations
  3493 | D:7      | HP: 12/57 [ice beast (7)]
  3497 | D:7      | Slain by an ice beast

Vanquished Creatures
  2 sky beasts (D:7)
  An ogre (D:4)
  A kobold brigand (D:4)
  2 scorpions (D:4)
  5 orc wizards
  3 adders
  A white imp (D:7)
  An ufetubus (D:7)
  A worm (D:2)
  2 dart slugs
  10 orcs
  6 ball pythons
  5 endoplasms
  3 giant cockroaches
  10 goblins
  5 hobgoblins
  7 jackals (D:2)
  4 kobolds
  3 quokkas
  7 bats
  3 frilled lizards
  6 rats
88 creatures vanquished.

Table legend:
 A = Non-vault XP
 B = Vault XP
 C = Vault XP percentage of total XP
 D = Non-vault monster count
 E = Vault monster count
 F = Vault count percentage of total count
                 A         B        C        D         E       F
            +---------+---------+-------+---------+---------+-------
      Total |    1017 |       0 |   0.0 |      88 |       0 |   0.0
            +---------+---------+-------+---------+---------+-------
        D:1 |      41 |       0 |   0.0 |      24 |       0 |   0.0
        D:2 |      42 |       0 |   0.0 |      21 |       0 |   0.0
        D:3 |     118 |       0 |   0.0 |      20 |       0 |   0.0
        D:4 |     538 |       0 |   0.0 |      19 |       0 |   0.0
        D:7 |     278 |       0 |   0.0 |       4 |       0 |   0.0
            +---------+---------+-------+---------+---------+-------

Illustrated notes

Table legend:
 A = Kills in this place as a percentage of kills in the entire game.
 B = Kills by you in this place as a percentage of kills by you in the entire game.
 C = Kills by friends in this place as a percentage of kills by friends in the entire game.
 D = Other kills in this place as a percentage of other kills in the entire game.
 E = Experience gained in this place as a percentage of experience gained in the entire game.
 F = Experience gained in this place divided by the number of levels of this place that you have seen.
                   A       B       C       D       E      F
               +-------+-------+-------+-------+-------+----------------------
         Total | 100.0 | 100.0 |   N/A |   N/A | 100.0 | 127.1
       Dungeon | 100.0 | 100.0 |   N/A |   N/A | 100.0 | 145.3
               +-------+-------+-------+-------+-------+----------------------

Table legend: (Time is in decaauts)
 A = Elapsed time spent in this place.
 B = Non-inter-level travel time spent in this place.
 C = Inter-level travel time spent in this place.
 D = Time resting spent in this place.
 E = Time spent auto-exploring this place.
 F = Levels seen in this place.
 G = Mean time per level.
                   A        B        C        D        E       F      G
               +--------+--------+--------+--------+--------+-----+--------+
         Total |   4369 |   4232 |    137 |     44 |   3409 |   8 |  546.1 |
       Dungeon |   4283 |   4157 |    126 |     44 |   3347 |   7 |  611.9 |
        Temple |     86 |     75 |     11 |      0 |     61 |   1 |   86.0 |
               +--------+--------+--------+--------+--------+-----+--------+

Top non-repeatable levels by time:
     D:3: 1489 daAuts
     D:4: 1184 daAuts
     D:1: 761 daAuts
     D:2: 753 daAuts
     D:7: 94 daAuts
  Temple: 86 daAuts
     D:6: 1 daAuts
